 Dungeon Crawl Stone Soup version 0.26.1-11-gd32895ea62 (webtiles) character file.

Game seed: 15545534123070882855

1267 KamiKatze the Fighter (level 8, 0/78 HPs)
             Began as a White Draconian Conjurer on May 29, 2021.
             Slain by a hornet (14 damage)
             ... on level 4 of the Dungeon.
             The game lasted 00:17:38 (5035 turns).

KamiKatze the Fighter (White Draconian Conjurer)    Turns: 5035, Time: 00:17:39

Health: 0/78       AC:  6    Str: 10    XL:     8   Next: 27%
Magic:  10/21      EV: 12    Int: 21    God:
Gold:   308        SH:  0    Dex:  9    Spells: 14/25 levels left

rFire    + . .     SeeInvis +   a - +2 dagger (venom)
rCold    + + .     Faith    .   (no shield)
rNeg     . . .     Spirit   .   (armour unavailable)
rPois    .         Reflect  .   (helmet restricted)
rElec    .         Harm     .   t - scarf {rC+ rF+}
rCorr    .         Rampage  .   (no gloves)
Will     .....                  (no boots)
Stlth    ++........             (no amulet)
HPRegen  0.23/turn              (no ring)
MPRegen  0.17/turn              p - ring of see invisible

@: lethally poisoned (0 -> -5), slowed, very slow
A: breathe frost, unfitting armour, cold resistance 1, cold-blooded, AC +6
a: Breathe Frost


You were on level 4 of the Dungeon.
You visited 1 branch of the dungeon, and saw 5 of its levels.

You collected 308 gold pieces.

Inventory:

Hand Weapons
 a - a +2 dagger of venom (weapon)
Missiles
 w - 227 stones
Armour
 f - a +0 cloak
 t - a scarf of resistance (worn)
Jewellery
 l - an uncursed ring of fire
 p - a ring of see invisible (right hand)
 q - the ring of the Tempest {*Slow rN+ Will- Str+10 Dex+2 SInv}
   (You found it on level 4 of the Dungeon)

   [ring of see invisible]

   It affects your strength (+10).
   It affects your dexterity (+2).
   It protects you from negative energy.
   It affects your willpower, your defense against some magical effects.
   It lets you see invisible.
   It may slow you when you take damage.
Wands
 m - a wand of iceblast (3)
Scrolls
 c - 2 scrolls of amnesia {unknown}
 e - 4 scrolls of identify
 g - 2 scrolls of magic mapping {unknown}
 j - 2 scrolls of enchant weapon {unknown}
 k - 3 scrolls of blinking {unknown}
 n - a scroll of immolation {unknown}
 r - 3 scrolls of remove curse {unknown}
 s - 3 scrolls of fog {unknown}
 u - a scroll of random uselessness {unknown}
 v - a scroll of enchant armour {unknown}
Potions
 b - 2 potions of invisibility
 h - 2 potions of curing
 i - a potion of mutation
 o - 2 potions of lignification


   Skills:
 - Level 9.6 Fighting
 - Level 2.0 Dodging
 - Level 2.0 Stealth
 * Level 9.4 Spellcasting
 * Level 6.1 Conjurations
 * Level 1.9 Hexes
 * Level 2.1 Translocations


You had 14 spell levels left.
You knew the following spells:

 Your Spells              Type           Power        Failure   Level
a - Magic Dart            Conj           100%         1%          1
b - Searing Ray           Conj           70%          1%          2
c - Fulminant Prism       Conj/Hex       13%          13%         4
d - Iskenderun's Mystic   Conj/Tloc      27%          13%         4

Your spell library contained the following spells:

 Spells                   Type           Power        Failure   Level
 Dazzling Flash           Conj/Hex       52%          4%          3


Dungeon Overview and Level Annotations

Branches:
Dungeon (5/15)
 Temple: D:4-7

Altars:

Annotations:
D:4 exclusion: hornet


Innate Abilities, Weirdness & Mutations

You can breathe waves of freezing cold.
You can buffet flying creatures when you breathe cold.
Your icy white scales are hard. (AC +6)
You cannot fit into any form of body armour.
Your flesh is cold resistant. (rC+)
You are cold-blooded and may be slowed by cold attacks.


Message History

The hornet barely misses you.
The searing ray misses the hornet.
The hornet stings you.
You feel as though you will be slow longer.
The hornet stings you but does no damage.
The searing ray hits the hornet but does no damage.
The hornet is almost dead.
The hornet stings you!
You are poisoned.
You feel as though you will be slow longer.
The hornet stings you!
* * * LOW HITPOINT WARNING * * *
You feel as though you will be slow longer.
The hornet closely misses you.
The searing ray hits the hornet.
The hornet is almost dead.
You finish channeling your searing ray.
You feel sick. The hornet stings you!
* * * LOW HITPOINT WARNING * * *
You feel as though you will be slow longer.
The hornet stings you!
You die...

# #............###...####..####.
#.####.####...>...............
#.# #.####..###...####..####. #.#
#.#......###### ##...... ##.##
#.#.##...# #..#.#. #...#
#.#.##...# #.#.... #...#
#........# #.##.#. #...#
###.###..#### #...... #...#
#.##..@y..# ## ####.##
###...#####.#.......# ... ##.##
............##......##..... #...#
............###............#.#.#.
...........## ##...###... ..##.##
###...###### #.### ....#.#.#. #
#...# #.# ### #...# # #)).# #.#
##.## ###[..# #.#############.#


You could see a hornet.

Vanquished Creatures
  A phantom (D:5)
  A sky beast (D:5)
  2 centaurs (D:5)
  A jelly (D:5)
  2 bullfrog zombies (D:5)
  2 hounds (D:5)
  A centaur skeleton (D:5)
  An orc priest (D:3)
  6 orc wizards
  A bullfrog skeleton (D:4)
  2 iguanas (D:4)
  Ijyb (D:4)
  3 gnolls (D:3)
  4 adders
  A shadow imp (D:5)
  An adder skeleton (D:5)
  3 worms
  2 dart slugs (D:2)
  2 leopard geckos
  14 orcs
  7 giant cockroaches
  5 goblins
  7 hobgoblins
  7 jackals
  A quokka (D:2)
  2 ball pythons
  3 bats
  5 frilled lizards
  7 kobolds
  6 rats
101 creatures vanquished.

Vanquished Creatures (others)
  2 fulminant prisms
  6 plants (D:2)
8 creatures vanquished.

Grand Total: 109 creatures vanquished

Notes
Turn   | Place    | Note
-------+----------+-------------------------------------------
     0 | D:1      | KamiKatze the Draconian Conjurer began the quest for the
                  | Orb.
     0 | D:1      | Reached XP level 1. HP: 14/14 MP: 3/3
   263 | D:1      | Reached XP level 2. HP: 7/20 MP: 0/5
   355 | D:1      | Learned a level 2 spell: Searing Ray
   690 | D:1      | Reached XP level 3. HP: 18/26 MP: 1/6
  1999 | D:3      | Reached XP level 4. HP: 33/33 MP: 0/8
  2221 | D:3      | Reached skill level 5 in Conjurations
  2391 | D:3      | Reached XP level 5. HP: 38/38 MP: 3/10
  3191 | D:4      | Learned a level 4 spell: Fulminant Prism
  3196 | D:4      | Learned a level 4 spell: Iskenderun's Mystic Blast
  3230 | D:4      | Got a faintly glowing steel ring
  3231 | D:4      | Identified the ring of the Tempest {*Slow rN+ Will- Str+10
                  | Dex+2 SInv} (You found it on level 4 of the Dungeon)
  3321 | D:4      | Noticed a hornet
  3423 | D:4      | Found Jak Margh's Assorted Antiques.
  3544 | D:4      | Noticed Ijyb
  3549 | D:4      | Killed Ijyb
  3550 | D:4      | Reached XP level 6. HP: 30/45 MP: 2/12
  3550 | D:4      | Your scales start taking on an icy white colour.
  3550 | D:4      | Reached XP level 7. HP: 47/70 MP: 2/19
  3550 | D:4      | Gained mutation: Your flesh is cold resistant. (rC+) [White
                  | Draconian growth]
  3833 | D:4      | Reached skill level 1 in Translocations
  3978 | D:5      | Entered Level 5 of the Dungeon
  4057 | D:5      | Reached skill level 1 in Hexes
  4368 | D:5      | Reached XP level 8. HP: 78/78 MP: 16/21
  5030 | D:4      | Paralysed by a hornet for 2 turns
  5035 | D:4      | Slain by a hornet

Illustrated notes

Levels and vault maps discovered:
D:1:      ebering_hopf_link, layout_basic
D:2:      layout_basic, grunt_ministairs_9, chequers_big_river
D:3:      layout_loops_corners, serial_aquarium, aquarium_bridge_square
          [aquarium_subvault_bridge, aquarium_subvault_wall,
          aquarium_subvault_window, aquarium_subvault_balcony],
          aquarium_window_fake, aquarium_window_1, aquarium_window_corridor_3,
          aquarium_window_fake, aquarium_view_2b, aquarium_view_2c
D:4:      layout_loops_cross, serial_shops, shop_fountains, uniq_ijyb
D:5:      minmay_chambers_of_threes, layout_gridville, minmay_strange_pillars

Skill      XL: |  1  2  3  4  5  6  7  8 |
---------------+-------------------------+-----
Dodging        | 2 |  2.0
Stealth        | 2 |  2.0
Spellcasting   | 3 4 9 |  9.4
Conjurations   | 5 6 |  6.1
Fighting       | 9 |  9.6
Translocations | 1 2 |  2.1
Hexes          | 1 |  1.9

Action                   |  1- 3 |  4- 6 |  7- 9 || total
-------------------------+-------+-------+-------++-------
Melee: Dagger            |    67 |    12 |    11 ||    90
       Tailslap          |     3 |     1 |     1 ||     5
       Unarmed           |     1 |       |       ||     1
 Cast: Magic Dart        |    64 |    17 |     8 ||    89
       Searing Ray       |     7 |    18 |    26 ||    51
       Iskenderun's Myst |       |       |     1 ||     1
       Fulminant Prism   |       |       |     2 ||     2
  Use: Scroll            |       |     6 |       ||     6
       Potion            |       |     1 |       ||     1
 Stab: Sleeping          |       |       |     1 ||     1
Armor: Skin              |    23 |     7 |     6 ||    36
Dodge: Dodged            |    58 |    18 |    22 ||    98
